 Dungeon Crawl Stone Soup version 0.31-a0-521-gc7390f8997 (webtiles) character file.

Game seed: 1417879413866423497

188 Maratek the Conjurer (level 5, 0/39 HPs)
             Began as a Draconian Conjurer on Aug 10, 2023.
             Was an Initiate of Sif Muna.
             Slain by a gnoll
             ... wielding a +0 club
             ... led by a gnoll bouda
              (1 damage)
             ... on level 5 of the Dungeon.
             The game lasted 00:07:57 (3266 turns).

Maratek the Conjurer (Draconian Conjurer)           Turns: 3266, Time: 00:07:57

Health: 0/39       AC:  5    Str:  9    XL:     5   Next: 39%
Magic:  9/9        EV: 12    Int: 20    God:    Sif Muna [......]
Gold:   150        SH:  0    Dex: 16    Spells: 9/10 levels left

rFire   . . .        (no weapon)
rCold   . . .        (no shield)
rNeg    . . .        (body armour unavailable)
rPois   .            (helmet restricted)
rElec   .            (no cloak)
rCorr   .            (no gloves)
SInv    .            (no boots)
Will    .....        (no amulet)
Stlth   ++           h - +6 ring of dexterity
HPRegen 0.26/turn    (no ring)
MPRegen 0.11/turn

%: no passive effects
@: no status effects
A: AC +5, unfitting armour, cold-blooded
a: Renounce Religion


You were on level 5 of the Dungeon.
You worshipped Sif Muna.
Sif Muna was noncommittal.
You visited 2 branches of the dungeon, and saw 6 of its levels.

You collected 150 gold pieces.

Inventory:

Armour
 c - an orb of energy
Jewellery
 h - a +6 ring of dexterity (left hand)
Wands
 i - a wand of digging (6)
Scrolls
 b - a scroll of immolation {unknown}
 e - a scroll of blinking {unknown}
 g - a scroll of enchant weapon {unknown}
Potions
 a - a potion of magic
 d - a potion of curing {unknown}
 f - a potion of mutation {unknown}


   Skills:
 + Level 0.5 Fighting
 + Level 2.2 Dodging
 + Level 2.3 Stealth
 + Level 0.5 Unarmed Combat
 + Level 3.2 Spellcasting
 + Level 5.5 Conjurations


You had 9 spell levels left.
You knew the following spells:

 Your Spells              Type           Power      Damage    Failure   Level
a - Magic Dart            Conj           100%       1d8       1%          1

Your spell library contained the following spells:

 Spells                   Type           Power      Damage    Failure   Level
 Searing Ray              Conj           50%        2d6       2%          2
 Dazzling Flash           Conj/Hex       28%        N/A       14%         3
 Cigotuvi's Dreadful Rot  Necr/Pois/Air  6%         N/A       22%         2
 Fulminant Prism          Conj/Hex       7%         3d7       41%         4
 Iskenderun's Mystic Bla  Conj/Tloc      14%        2d5       41%         4
 Dispel Undead            Necr           3%         3d7       80%         4
 Death Channel            Necr           1%         N/A       100%        6


Dungeon Overview and Level Annotations

Branches:
Dungeon (5/15)             Temple (1/1) D:4

Altars:
Ashenzari
Cheibriados
Dithmenos
Elyvilon
Fedhas
Gozag
Hepliaklqana
Kikubaaqudgha
Makhleb
Nemelex Xobeh
Okawaru
Qazlal
Ru
Sif Muna
Trog
Uskayaw
Vehumet
Xom
Yredelemnul
Zin
The Shining One

Shops:
D:1 *   D:3 [

Annotations:
D:4 Edmund, Ijyb


Innate Abilities, Weirdness & Mutations

Your plain brown scales are hard. (AC +5)
You cannot fit into any form of body armour.
You are cold-blooded and may be slowed by cold attacks.


Message History

The adder barely misses you. The adder attacks as you move away!
The adder bites you.
You are poisoned.
The adder poisons you!
You feel sick.
You feel sick. The adder closely misses you.
You feel sick. The adder bites you but does no damage.
You feel sick.
You are no longer poisoned.
The gnoll is no longer moving quickly.
The gnoll hits you with a +0 club. The gnoll closely misses you.
The gnoll attacks as you move away! The gnoll closely misses you.
The gnoll is no longer moving quickly.
The gnoll attacks as you move away! The gnoll hits you with a +0 club.
Found 11 gold pieces and a scroll labelled XECOUJ SYNE.
The gnoll hits you with a +0 club. The gnoll attacks as you move away!
The gnoll closely misses you. The gnoll hits you with a +0 club.
The gnoll attacks as you move away! The gnoll hits you but does no damage.
The gnoll attacks as you move away! The gnoll hits you with a +0 club.
The gnoll barely misses you.
You see here a scroll labelled XECOUJ SYNE.
The gnoll attacks as you move away! The gnoll hits you with a +0 club.
The gnoll attacks as you move away! The gnoll closely misses you.
The gnoll attacks as you move away! The gnoll hits you with a +0 club!
* * * LOW HITPOINT WARNING * * *
The gnoll attacks as you move away! The gnoll barely misses you.
The gnoll attacks as you move away! The gnoll closely misses you.
The gnoll attacks as you move away! The gnoll misses you.
The gnoll attacks as you move away! The gnoll hits you but does no damage.
Found a plate armour.
The gnoll hits you with a +0 club.
* * * LOW HITPOINT WARNING * * *
The gnoll attacks as you move away! The gnoll hits you with a +0 club.
* * * LOW HITPOINT WARNING * * *
The gnoll attacks as you move away! The gnoll hits you with a +0 club.
* * * LOW HITPOINT WARNING * * *
The gnoll attacks as you move away! The gnoll hits you with a +0 club.
* * * LOW HITPOINT WARNING * * *
The gnoll attacks as you move away! The gnoll hits you with a +0 club.
You die...

###...S.######.######...#####
#....####...........'...'.gg.
#..............######..)#####
#..........##[..# #.........
#..........##...# #.#######.#
#..........+....# #.#
###.#.$....##...# #.#
#.#.....?##...# .#
#...#.....@g..###.#
#####.####.#S.gl.[# #.#
#..#####..# .. #...l...S.#
### #..#####.## #..# #g# #..#
#.# #..# #.# #.g### #.#


You could see an iguana, 2 gnolls and an adder.

Vanquished Creatures
  A phantom (D:4)
  A gnoll (D:5)
  5 adders
  A worm (D:3)
  3 dart slugs
  An orc (D:3)
  5 bats
  3 endoplasms
  3 giant cockroaches
  6 goblins
  3 hobgoblins (D:1)
  2 quokkas (D:3)
  2 ball pythons (D:1)
  3 frilled lizards
  4 kobolds
  6 rats
49 creatures vanquished.

Notes
Turn   | Place    | Note
-------+----------+-------------------------------------------
     0 | D:1      | Maratek the Draconian Conjurer began the quest for the Orb.
     0 | D:1      | Reached XP level 1. HP: 14/14 MP: 3/3
   259 | D:1      | Reached XP level 2. HP: 20/20 MP: 0/5
   428 | D:1      | Found Guxtiaq's Assorted Antiques.
  1027 | D:1      | Found a faded altar of an unknown god.
  1556 | D:2      | Reached XP level 3. HP: 26/26 MP: 1/6
  1730 | D:3      | Found Xesiugaw's Antique Armour Boutique.
  1850 | D:3      | Reached skill level 5 in Conjurations
  2045 | D:3      | Reached XP level 4. HP: 31/33 MP: 0/7
  2939 | D:4      | Noticed a phantom
  2944 | D:4      | Found a staircase to the Ecumenical Temple.
  2967 | D:4      | Killed a phantom
  2968 | D:4      | Reached XP level 5. HP: 13/39 MP: 0/9
  3081 | D:4      | Noticed Edmund
  3088 | Temple   | Entered the Ecumenical Temple
  3107 | Temple   | Became a worshipper of Sif Muna the Loreminder
  3119 | D:4      | Noticed Ijyb
  3152 | D:5      | Entered Level 5 of the Dungeon
  3265 | D:5      | HP: 1/39 [gnoll/+0 club[a gnoll bouda] (3)]
  3266 | D:5      | Slain by a gnoll

Illustrated notes

Levels and vault maps discovered:
D:1:      roderic_octagonal_star, layout_basic, basic_ecumenical_altar,
          serial_shops, nicolae_shop_behind_doors
D:2:      minmay_wonky_spiral, layout_rooms
D:3:      layout_loops_cross, serial_shops, shop, gup_sewer_entry_spiral,
          hangedman_abyss_or_decor_stabs
D:4:      layout_cave_pools, temple_fountains, nicolae_goblin_pals, uniq_edmund
D:5:      layout_basic
Temple:   compressed_dpeg_circular_temple

Skill      XL: |  1  2  3  4 |
---------------+-------------+-----
Stealth        | 2 |  2.3
Dodging        | 2 |  2.2
Conjurations   | 5 |  5.5
Spellcasting   | 3 |  3.2
Fighting       | |  0.5
Unarmed Combat | |  0.5

Action                     |  1- 3 |  4- 6 || total
---------------------------+-------+-------++-------
  Melee: Unarmed           |    12 |    36 ||    48
         Tailslap          |     1 |     2 ||     3
         Punch             |       |     1 ||     1
   Cast: Magic Dart        |    67 |    48 ||   115
 Armour: Skin              |     7 |    11 ||    18
  Dodge: Dodged            |    10 |    43 ||    53

Table legend: (Time is in decaauts)
 A = Elapsed time spent in this place.
 B = Non-inter-level travel time spent in this place.
 C = Inter-level travel time spent in this place.
 D = Time resting spent in this place.
 E = Time spent auto-exploring this place.
 F = Levels seen in this place.
 G = Mean time per level.
                   A        B        C        D        E       F      G
               +--------+--------+--------+--------+--------+-----+--------+
         Total |   3303 |   3259 |     44 |    100 |   2613 |   6 |  550.5 |
       Dungeon |   3272 |   3237 |     35 |    100 |   2613 |   5 |  654.4 |
        Temple |     30 |     21 |      9 |      0 |      0 |   1 |   30.0 |
               +--------+--------+--------+--------+--------+-----+--------+

Top non-repeatable levels by time:
     D:1: 1551 daAuts
     D:3: 1209 daAuts
     D:4: 259 daAuts
     D:2: 138 daAuts
     D:5: 113 daAuts
  Temple: 30 daAuts
